Map: Acid Plant LE

Players

Akelarre

  • Race: Protoss Protoss
  • Spawn Location: 11:00

AlaSReformed (AlaStOr) - Winner!

  • Race: Zerg Zerg
  • Spawn Location: 5:00

Event: WCS Valencia 2018

VOD

Have the link to the VOD?

Description

Time

  • Played on: July 12, 2018, 7:08 a.m.
  • Length: 3:33

All games in this series

Show
View Real Time Build Order
Export as new Build Order

Akelarre Protoss 

Build Orders: 1 Gate Expand 

Get SALT Encoding   

  12  0:00  Probe  
  13  0:13  Probe  
  14  0:19  Pylon  
  14  0:26  Probe  
  15  0:38  Probe  
  15  0:41  Gateway  
  16  0:50  Probe, Assimilator  
  17  1:02  Probe  
  18  1:15  Probe  
  19  1:27  Probe  
  19  1:30  Nexus  
  20  1:41  Cybernetics Core  
  20  1:50  Probe  
  20  1:51  Pylon  
  21  2:02  Probe  
  21  2:07  Assimilator  
  22  2:13  Adept  
  22  2:14  Probe  
  23  2:18  Stargate  
  25  2:26  Probe  
  26  2:34  Gateway  
  26  2:38  Probe  
  27  2:50  Probe  
  28  2:52  Probe  
  31  3:03  Probe  
  31  3:04  Probe  
  30  3:20  Probe x2  
Show
View Real Time Build Order
Export as new Build Order

AlaSReformed Zerg - Winner!

Build Orders: Hatch First 

Get SALT Encoding   

  12  0:00  Drone  
  13  0:12  Overlord  
  13  0:17  Drone  
  14  0:30  Drone x2  
  14  0:34  Drone  
  17  0:51  Hatchery  
  17  0:54  Drone  
  17  0:58  Extractor  
  16  1:10  Spawning Pool  
  15  1:13  Drone  
  15  1:16  Drone  
  17  1:20  Drone  
  18  1:29  Drone  
  19  1:38  Overlord  
  19  1:56  Queen  
  19  1:58  Metabolic Boost  
  21  2:02  Queen  
  21  2:03  Zergling x2  
  21  2:06  Zergling x2  
  25  2:09  Zergling x2  
  25  2:11  Zergling x2  
  25  2:14  Zergling x2  
  28  2:22  Zergling x2  
  29  2:29  Zergling x2  
  30  2:38  Zergling x2  
  30  2:39  Zergling x2  
  30  2:43  Overlord  
  32  2:47  Zergling x2  
  32  2:51  Hatchery  
  32  2:54  Zergling x2  
  32  2:58  Zergling x2  
  33  3:06  Zergling x2  
  33  3:09  Zergling x2  
  35  3:14  Zergling x6  
  35  3:15  Zergling x2  
Tags
 
Add a new tag
Caveats
  • Supply blocks, unpowered buildings, or Contaminate may cause inaccurate times.
  • Supply counts are checked every 10 seconds.